[Event "December 5 Early 2023"]
[Site "https://www.chess.com"]
[Date "2023.12.05"]
[Round "2"]
[White "Ashraf, Artin"]
[Black "Mushini Ajay"]
[Result "1-0"]
[Board "134"]
[TimeControl "180+1"]
[WhiteFideId "22514805"]
[BlackFideId "35066188"]
[WhiteElo "2908"]
[BlackElo "2408"]
[WhiteTeam "IRI"]
[BlackTeam "IND"]
[WhiteClock "0:01:02"]
[BlackClock "0:00:12"]

1. e4 c5 2. Nf3 d6 3. d4 cxd4 4. Nxd4 Nf6 5. Nc3 a6 6. Bg5 e5 7. Nf5 Bxf5 8. exf5 Nbd7 9. Bc4 Rc8 10. Bb3 Be7 11. Qf3 b5 12. O-O O-O 13. Rad1 b4 14. Ne2 a5 15. c4 Nc5 16. Ng3 a4 17. Bc2 b3 18. axb3 axb3 19. Bb1 h6 20. Be3 Qc7 21. Ne2 Na4 22. c5 d5 23. Rxd5 Nxd5 24. Qxd5 Bxc5 25. f6 Bxe3 26. fxg7 Kxg7 27. fxe3 Qc5 28. Qe4 f5 29. Qf3 f4 30. Kh1 fxe3 31. Qg4+ Kh8 32. Rg1 Qd6 33. Qxa4 Qf6 34. Qxb3 Rg8 35. Qxe3 Rg5 36. Nc3 Rcg8 37. Ne4 Qe7 38. Nxg5 Qxg5 39. Qe4 1-0

[Event "December 5 Early 2023"]
[Site "https://www.chess.com"]
[Date "2023.12.05"]
[Round "2"]
[White "Balla, Tamas-Kristof"]
[Black "Sychev, Klementy"]
[Result "0-1"]
[Board "135"]
[TimeControl "180+1"]
[WhiteFideId "1208497"]
[BlackFideId "4114060"]
[WhiteElo "2407"]
[BlackElo "2886"]
[WhiteTeam "ROU"]
[BlackTeam "FID"]
[WhiteClock "0:00:07"]
[BlackClock "0:00:04"]

1. e4 e5 2. Nf3 Nc6 3. d4 exd4 4. Nxd4 Nf6 5. Nxc6 bxc6 6. e5 Qe7 7. Qe2 Nd5 8. h4 Qe6 9. c4 Nb6 10. Nd2 Bc5 11. g3 O-O 12. Bh3 f5 13. O-O Ba6 14. b3 Bd4 15. Ba3 Bxa1 16. Bxf8 Bxe5 17. Bc5 d6 18. Be3 Re8 19. Re1 Bc8 20. Kh1 c5 21. Nf3 Bf6 22. Qd1 Bb7 23. Kh2 Qd7 24. Bg2 h6 25. Ne5 Bxe5 26. Bxb7 c6 27. Ba6 Qf7 28. Qf3 Bc3 29. Rd1 Be5 30. Qxc6 f4 31. Bc1 fxg3+ 32. fxg3 Qf2+ 33. Qg2 Bxg3+ 34. Kh3 Qxg2+ 35. Kxg2 Be5 36. Bb7 Re6 37. a4 Rg6+ 38. Kf1 Bd4 39. Ke2 Nd7 40. Bd5+ Kh8 41. Bf4 Ne5 42. Bxe5 Bxe5 43. Rf1 Bf6 44. Kd3 Rg3+ 45. Ke4 Rg4+ 46. Kf5 Rxh4 47. Re1 Rh5+ 48. Kg6 Rg5+ 49. Kf7 Be5 50. Rf1 h5 51. Ke7 Kh7 52. Be4+ Kh6 53. a5 Bf6+ 54. Kd7 Re5 55. Bd3 Re3 56. Bf5 Rxb3 57. Rg1 Bg5 58. Kxd6 h4 59. Kxc5 Be3+ 0-1

[Event "December 5 Early 2023"]
[Site "https://www.chess.com"]
[Date "2023.12.05"]
[Round "2"]
[White "Javakhadze, Zurab"]
[Black "Gerasimenyuk, Mikhail"]
[Result "1-0"]
[Board "136"]
[TimeControl "180+1"]
[WhiteFideId "13603647"]
[BlackFideId "14111845"]
[WhiteElo "2825"]
[BlackElo "2405"]
[WhiteTeam "GEO"]
[BlackTeam "UKR"]
[WhiteClock "0:01:06"]
[BlackClock "0:01:14"]

1. d4 d5 2. c4 c6 3. Nc3 Nf6 4. e3 Bg4 5. Qb3 Nbd7 6. Qxb7 e6 7. Qxc6 Bb4 8. Qa4 Bxc3+ 9. bxc3 O-O 10. c5 Ne4 11. Qc2 Qa5 12. f3 Bf5 13. fxe4 dxe4 14. Ne2 e5 15. Ng3 Bg6 16. Bd2 f5 17. Bc4+ Kh8 18. O-O f4 19. Nxe4 exd4 20. exd4 Rae8 21. Bd3 f3 22. Rxf3 Rxf3 23. gxf3 Rf8 24. Ng5 Bh5 25. Bxh7 Qd8 26. Bg6 Bxf3 27. Bh5 1-0

[Event "December 5 Early 2023"]
[Site "https://www.chess.com"]
[Date "2023.12.05"]
[Round "2"]
[White "Samaganova, Aleksandra"]
[Black "Yeremyan, Alen"]
[Result "0-1"]
[Board "137"]
[TimeControl "180+1"]
[WhiteFideId "13800221"]
[BlackFideId "13308998"]
[WhiteElo "2404"]
[BlackElo "2804"]
[WhiteTeam "KGZ"]
[BlackTeam "ARM"]
[WhiteClock "0:00:17"]
[BlackClock "0:02:34"]

1. c4 Nf6 2. Nc3 g6 3. g3 Bg7 4. Bg2 O-O 5. Nf3 c5 6. O-O Nc6 7. d3 d5 8. cxd5 Nxd5 9. Bd2 Nc7 10. Rc1 b6 11. h3 Bb7 12. a3 Rc8 13. Qa4 a6 14. b4 b5 15. Qb3 cxb4 16. axb4 Ne6 17. Rfe1 Ncd4 18. Nxd4 Nxd4 19. Qa3 Bxg2 20. Kxg2 Qd6 21. e3 Qc6+ 22. Ne4 Nc2 23. Qb3 Nxe1+ 24. Rxe1 Qc2 25. Qxc2 Rxc2 26. Rd1 Rfc8 27. Nc5 a5 28. d4 a4 29. Be1 e6 30. Ne4 Rc1 31. Rxc1 Rxc1 32. Bd2 Rc2 33. Be1 a3 34. Nc3 a2 35. Nxa2 Rxa2 0-1

[Event "December 5 Early 2023"]
[Site "https://www.chess.com"]
[Date "2023.12.05"]
[Round "2"]
[White "Szyszylo, Rafal"]
[Black "Bocharov, Dmitry"]
[Result "0-1"]
[Board "138"]
[TimeControl "180+1"]
[WhiteFideId "1109626"]
[BlackFideId "4138716"]
[WhiteElo "2403"]
[BlackElo "2800"]
[WhiteTeam "POL"]
[BlackTeam "RUS"]
[WhiteClock "0:00:08"]
[BlackClock "0:00:17"]

1. e4 c5 2. Nc3 Nc6 3. Bb5 Nd4 4. Nf3 e6 5. O-O a6 6. Bd3 Nc6 7. Be2 Qb6 8. b3 d6 9. Bb2 Nf6 10. Re1 Be7 11. Bf1 O-O 12. Na4 Qc7 13. d4 cxd4 14. Nxd4 Bd7 15. Nf3 b5 16. Nc3 Rfd8 17. Nd5 exd5 18. exd5 Ne5 19. Nxe5 dxe5 20. Bxe5 Bd6 21. Bxf6 gxf6 22. Qh5 Qxc2 23. Re3 Qg6 24. Qh4 Re8 25. Bd3 f5 26. Rf3 Qg4 27. Qh6 Be5 28. Rf1 Kh8 29. h3 Qg6 30. Qd2 Rg8 31. g3 Qh5 32. Kg2 f4 33. Rh1 Rg7 34. Qe2 Rag8 35. g4 Bxg4 36. hxg4 Rxg4+ 37. Kf1 Qxh1# 0-1

[Event "December 5 Early 2023"]
[Site "https://www.chess.com"]
[Date "2023.12.05"]
[Round "2"]
[White "Chaika, Vitalii"]
[Black "Avila Pavas, Santiago"]
[Result "0-1"]
[Board "140"]
[TimeControl "180+1"]
[WhiteFideId "14111802"]
[BlackFideId "4437128"]
[WhiteElo "2402"]
[BlackElo "2786"]
[WhiteTeam "UKR"]
[BlackTeam "COL"]
[WhiteClock "0:00:02"]
[BlackClock "0:01:35"]

1. d4 Nf6 2. Bf4 g6 3. e3 Bg7 4. h3 O-O 5. Nf3 d6 6. Be2 Nc6 7. O-O Nd7 8. Bh2 e5 9. c4 Qe7 10. Nc3 Nf6 11. d5 Nd8 12. b4 Ne8 13. e4 f5 14. Nd2 f4 15. Bg4 Nf6 16. Bxc8 Rxc8 17. Nb3 g5 18. c5 h5 19. f3 Nf7 20. a4 Nh6 21. a5 g4 22. fxg4 hxg4 23. Kh1 Qd7 24. a6 bxa6 25. Rxa6 Rb8 26. b5 gxh3 27. gxh3 Qxh3 28. Qf3 Qh4 29. Qf2 Qh5 30. Qf3 Nhg4 31. Qe2 f3 32. Rxf3 Nxh2 33. Qxh2 Qxf3+ 34. Qg2 Qxc3 35. Rxa7 Qxb3 36. Rxc7 Qd1+ 37. Kh2 Ng4+ 38. Kh3 Rxb5 39. Rxg7+ Kxg7 40. cxd6 Rh8+ 0-1

[Event "December 5 Early 2023"]
[Site "https://www.chess.com"]
[Date "2023.12.05"]
[Round "2"]
[White "Urazayev, Arystanbek"]
[Black "Zampronha, Wladimir Camilo"]
[Result "1-0"]
[Board "141"]
[TimeControl "180+1"]
[WhiteFideId "13709810"]
[BlackFideId "2103087"]
[WhiteElo "2769"]
[BlackElo "2402"]
[WhiteTeam "KAZ"]
[BlackTeam "BRA"]
[WhiteClock "0:01:57"]
[BlackClock "0:00:10"]

1. d4 Nf6 2. c4 c5 3. d5 e6 4. Nc3 exd5 5. cxd5 d6 6. e4 g6 7. h3 Bg7 8. Be3 O-O 9. Nf3 Re8 10. Nd2 a6 11. a4 Nbd7 12. Be2 Rb8 13. O-O Qc7 14. Rb1 Nf8 15. Qc2 Bd7 16. Bf4 Nh5 17. Bh2 b5 18. axb5 axb5 19. Bxh5 gxh5 20. Ne2 Ng6 21. Ng3 h4 22. Nh5 Bd4 23. Nf3 Bh8 24. Rfe1 b4 25. Qd2 Qd8 26. Bxd6 Rc8 27. e5 Qb6 28. Qh6 Bf5 29. Nf6+ Bxf6 30. exf6 1-0

[Event "December 5 Early 2023"]
[Site "https://www.chess.com"]
[Date "2023.12.05"]
[Round "2"]
[White "Matinian, Nikita"]
[Black "Zaksaite, Salomeja"]
[Result "1-0"]
[Board "142"]
[TimeControl "180+1"]
[WhiteFideId "24129100"]
[BlackFideId "12801496"]
[WhiteElo "2721"]
[BlackElo "2402"]
[WhiteTeam "FID"]
[BlackTeam "LTU"]
[WhiteClock "0:01:19"]
[BlackClock "0:00:00"]

1. e4 e6 2. d3 e5 3. f4 Nc6 4. Nf3 d6 5. Nc3 Bg4 6. Be2 Qd7 7. O-O O-O-O 8. Nd5 h5 9. c4 Nd4 10. Nxd4 exd4 11. f5 Nf6 12. Nxf6 gxf6 13. Bxg4 hxg4 14. Qxg4 d5 15. cxd5 Bd6 16. Bf4 Rdg8 17. Qf3 Be5 18. Rac1 Rh4 19. Bxe5 fxe5 20. Rc2 Rhg4 21. Rfc1 Kb8 22. Rxc7 Qd8 23. g3 a6 24. Rc8+ 1-0

[Event "December 5 Early 2023"]
[Site "https://www.chess.com"]
[Date "2023.12.05"]
[Round "2"]
[White "Matthes, Aaron"]
[Black "Komov, Roman"]
[Result "1-0"]
[Board "143"]
[TimeControl "180+1"]
[WhiteFideId "16227310"]
[BlackFideId "24175714"]
[WhiteElo "2400"]
[BlackElo "2715"]
[WhiteTeam "GER"]
[BlackTeam "RUS"]
[WhiteClock "0:00:18"]
[BlackClock "0:00:59"]

1. Nf3 d5 2. g3 Nf6 3. Bg2 c5 4. O-O e6 5. d4 cxd4 6. Nxd4 e5 7. Nf3 Nc6 8. Bg5 Be6 9. Nbd2 Be7 10. c3 h6 11. Bxf6 Bxf6 12. e4 O-O 13. Re1 d4 14. c4 Be7 15. a3 a5 16. Rc1 a4 17. Rf1 Qb6 18. Qc2 Qa5 19. Ne1 Bg5 20. f4 exf4 21. gxf4 Be7 22. Nd3 f5 23. e5 g5 24. Kh1 g4 25. Qd1 Kg7 26. Qe2 h5 27. c5 Qb5 28. Rc2 Rfd8 29. Rfc1 Rac8 30. Nc4 Bxc5 31. Nxc5 Qxc5 32. Nd6 Qa5 33. Qd3 Nxe5 34. fxe5 Rxc2 35. Qxc2 Qxe5 36. Qc7+ Rd7 37. Ne8+ 1-0

[Event "December 5 Early 2023"]
[Site "https://www.chess.com"]
[Date "2023.12.05"]
[Round "2"]
[White "Sadubayev, Airat"]
[Black "Federzoni, Enzo"]
[Result "0-1"]
[Board "145"]
[TimeControl "180+1"]
[WhiteFideId "13713264"]
[BlackFideId "2173301"]
[WhiteElo "2695"]
[BlackElo "2398"]
[WhiteTeam "KAZ"]
[BlackTeam "BRA"]
[WhiteClock "0:00:11"]
[BlackClock "0:01:25"]

1. d4 Nf6 2. c4 e6 3. Nf3 d5 4. Nc3 Be7 5. Bf4 O-O 6. e3 Nbd7 7. c5 c6 8. b4 a5 9. b5 Nh5 10. Bg3 Nxg3 11. hxg3 Bf6 12. Bd3 g6 13. Qc2 e5 14. bxc6 bxc6 15. e4 exd4 16. Ne2 dxe4 17. Bxe4 Re8 18. Bd3 Ba6 19. Rd1 Bxd3 20. Rxd3 Qe7 21. Nxd4 Bxd4 22. Rxd4 Nxc5 23. Rdh4 h5 24. g4 Rab8 25. R4h3 Qxe2+ 26. Qxe2 Rb1+ 27. Kd2 Rb2+ 28. Kc3 Rexe2 29. gxh5 Ne4+ 30. Kd3 Nxf2+ 31. Kd4 Nxh3 32. Rxh3 gxh5 33. g4 hxg4 34. Rg3 Rbd2+ 35. Kc5 f5 36. Kxc6 Rxa2 37. Rd3 Rad2 0-1

[Event "December 5 Early 2023"]
[Site "https://www.chess.com"]
[Date "2023.12.05"]
[Round "2"]
[White "Danielyan, Vahe"]
[Black "Marcziter, Dmitrii"]
[Result "1-0"]
[Board "146"]
[TimeControl "180+1"]
[WhiteFideId "13304828"]
[BlackFideId "13900765"]
[WhiteElo "2673"]
[BlackElo "2397"]
[WhiteTeam "ARM"]
[BlackTeam "GER"]
[WhiteClock "0:00:43"]
[BlackClock "0:00:01"]

1. e4 c5 2. Nf3 a6 3. c3 d5 4. exd5 Qxd5 5. d4 Nf6 6. Be3 cxd4 7. cxd4 Bg4 8. Nc3 Qd6 9. Be2 e6 10. Qa4+ Nc6 11. O-O Be7 12. Rad1 O-O 13. h3 Bh5 14. Qb3 Nb4 15. Ne5 Bxe2 16. Nxe2 Nbd5 17. Rc1 Rab8 18. Nc3 Rfd8 19. Na4 Nxe3 20. fxe3 Nd5 21. Nxf7 Qg3 22. Rf3 Qg6 23. Nxd8 Bxd8 24. Nc5 Bg5 25. Rcf1 Re8 26. Qxb7 Bh6 27. e4 Be3+ 28. Kh1 Bxd4 29. exd5 Bxc5 30. Qc6 h5 31. Qxc5 1-0

[Event "December 5 Early 2023"]
[Site "https://www.chess.com"]
[Date "2023.12.05"]
[Round "2"]
[White "Bochnicka, Vladimir"]
[Black "Dobrikov, Marco"]
[Result "1-0"]
[Board "147"]
[TimeControl "180+1"]
[WhiteFideId "14943450"]
[BlackFideId "12950378"]
[WhiteElo "2396"]
[BlackElo "2668"]
[WhiteTeam "SVK"]
[BlackTeam "GER"]
[WhiteClock "0:01:04"]
[BlackClock "0:01:16"]

1. e4 e6 2. d4 d5 3. Nd2 dxe4 4. Nxe4 Bd7 5. Nf3 Bc6 6. Bd3 Nd7 7. c3 Ngf6 8. Nxf6+ Nxf6 9. O-O Bxf3 10. Qxf3 c6 11. Bf4 Be7 12. a4 O-O 13. a5 Qd5 14. Qe2 Rfe8 15. a6 b6 16. Be5 Rac8 17. c4 Qd7 18. Rfd1 g6 19. Qf3 Qd8 20. Bc2 Nd7 21. Bg3 Bf6 22. Ba4 b5 23. cxb5 Nb6 24. bxc6 Nxa4 25. Rxa4 Qb6 26. c7 Be7 27. Qb7 Kg7 28. Rda1 f6 29. h3 Kf7 30. Qxb6 axb6 31. a7 Ra8 32. Ra6 Rec8 33. Rxb6 Ke8 34. Rb8 Kd7 35. b4 e5 36. dxe5 fxe5 1-0

[Event "December 5 Early 2023"]
[Site "https://www.chess.com"]
[Date "2023.12.05"]
[Round "2"]
[White "Tasev, Dejan"]
[Black "Barath1308"]
[Result "1-0"]
[Board "148"]
[TimeControl "180+1"]
[WhiteFideId "936618"]
[WhiteElo "2667"]
[BlackElo "2389"]
[WhiteTeam "SRB"]
[WhiteClock "0:01:11"]
[BlackClock "0:00:00"]

1. e4 c5 2. Nf3 d6 3. Nc3 a6 4. d4 cxd4 5. Nxd4 Nf6 6. Bc4 e6 7. Bb3 b5 8. a3 Bb7 9. f3 Nbd7 10. Be3 Nc5 11. Ba2 Rc8 12. Qd2 Qc7 13. O-O-O Be7 14. g4 O-O 15. h4 Nfd7 16. g5 Nb6 17. h5 Nc4 18. Bxc4 bxc4 19. g6 Bf6 20. h6 fxg6 21. hxg7 Bxg7 22. Qh2 Bf6 23. Rdg1 d5 24. Qh3 Qf7 25. exd5 exd5 26. Nf5 Qd7 27. Bxc5 Bxc3 28. Nh6+ Kh8 29. Qxd7 Rxc5 30. bxc3 1-0

[Event "December 5 Early 2023"]
[Site "https://www.chess.com"]
[Date "2023.12.05"]
[Round "2"]
[White "Hoffmann, Asa"]
[Black "Kokoszczynski, Jan"]
[Result "0-1"]
[Board "149"]
[TimeControl "180+1"]
[WhiteFideId "2001470"]
[BlackFideId "1174460"]
[WhiteElo "2385"]
[BlackElo "2659"]
[WhiteTeam "USA"]
[BlackTeam "POL"]
[WhiteClock "0:00:00"]
[BlackClock "0:00:05"]

1. d4 g6 2. e4 Bg7 3. Be3 d6 4. Qd2 a6 5. Nc3 b5 6. f3 Bb7 7. a3 Nd7 8. h4 h5 9. Nh3 c5 10. Ng5 Rc8 11. Rd1 Qc7 12. Be2 cxd4 13. Bxd4 Bxd4 14. Qxd4 Ngf6 15. O-O Qc5 16. Qxc5 Rxc5 17. Rd2 O-O 18. Rfd1 Rfc8 19. Nh3 Ne5 20. Nf4 Kf8 21. Kf2 Rxc3 22. bxc3 Rxc3 23. Ra1 Bc6 24. Bd3 e6 25. Ne2 Rc5 26. Nd4 Bd7 27. Nb3 Rc3 28. Nd4 Ke7 29. Ke2 Rc8 30. Rdd1 Rc5 31. Nb3 Rc3 32. Rdb1 d5 33. Kd2 Rc8 34. exd5 Nxd5 35. Nd4 Nf4 36. g3 Nd5 37. Re1 Nc4+ 38. Bxc4 Rxc4 39. Nb3 Rc3 40. Rf1 Kd6 41. Rad1 a5 42. Nxa5 Rxa3 43. Ra1 Rc3 44. Nb3 Rc7 45. Ra6+ Ke5 46. Re1+ Kf6 47. Nd4 b4 48. Rd6 Ba4 49. Rc1 Ke5 50. Ra6 Kxd4 51. Rxa4 Rc3 52. Rf1 Rc7 53. g4 hxg4 54. fxg4 f5 55. h5 gxh5 56. gxh5 f4 57. Rh1 e5 58. h6 Rh7 59. Rh5 e4 60. Ra6 e3+ 61. Ke2 Nc3+ 62. Kf3 e2 63. Re6 Kc4 64. Rf5 Rxh6 65. Rxf4+ Kd5 66. Re8 Rh1 67. Rxe2 Rh3+ 68. Kf2 Rh2+ 69. Kf3 Rh3+ 70. Kf2 Rh2+ 71. Kf3 Nxe2 72. Rxb4 Nd4+ 73. Kf4 Rf2+ 74. Kg3 Rf3+ 75. Kg2 Rf7 76. c3 Ne2 77. Rb3 Kc4 78. Ra3 Kd3 79. c4+ Kd4 80. c5 Kxc5 81. Re3 Nd4 82. Re8 Kc4 0-1

[Event "December 5 Early 2023"]
[Site "https://www.chess.com"]
[Date "2023.12.05"]
[Round "2"]
[White "Goltsev, Dmitry"]
[Black "Matveeva, Olga"]
[Result "1-0"]
[Board "150"]
[TimeControl "180+1"]
[WhiteFideId "24176710"]
[BlackFideId "24107018"]
[WhiteElo "2656"]
[BlackElo "2378"]
[WhiteTeam "RUS"]
[BlackTeam "RUS"]
[WhiteClock "0:00:40"]
[BlackClock "0:00:06"]

1. e4 c6 2. d4 d5 3. Nc3 dxe4 4. Nxe4 Nf6 5. Qe2 Nxe4 6. Qxe4 Nd7 7. Nf3 Nf6 8. Qh4 Bf5 9. c3 e6 10. Bc4 Be7 11. Ne5 Nd7 12. Qg3 Nxe5 13. dxe5 O-O 14. O-O Bh4 15. Qf3 Qb6 16. b4 Rad8 17. Be3 Qc7 18. Bd4 b6 19. Qe3 c5 20. bxc5 bxc5 21. Bxc5 Bg5 22. f4 Be7 23. Bxe7 Qxe7 24. Bb3 Rd3 25. Qf2 Rxc3 26. Rad1 Rfc8 27. Rd6 h6 28. h3 Qc7 29. Kh2 Be4 30. Rfd1 Qc5 31. R1d4 Rc1 32. Qg3 Kh7 33. Rd7 Bg6 34. h4 Rc7 35. Rd8 Bf5 36. Qf2 Rb7 37. h5 Rb4 38. Qd2 Ra1 39. Qxb4 Qc1 40. Rd1 1-0

[Event "December 5 Early 2023"]
[Site "https://www.chess.com"]
[Date "2023.12.05"]
[Round "2"]
[White "Tymrakiewicz, Rafal"]
[Black "Kuderinov, Kirill"]
[Result "0-1"]
[Board "151"]
[TimeControl "180+1"]
[WhiteFideId "1108832"]
[BlackFideId "13701568"]
[WhiteElo "2373"]
[BlackElo "2650"]
[WhiteTeam "POL"]
[BlackTeam "KAZ"]
[WhiteClock "0:00:00"]
[BlackClock "0:00:17"]

1. e4 c5 2. c3 Nf6 3. e5 Nd5 4. Nf3 e6 5. Na3 d6 6. Nc4 dxe5 7. Ncxe5 Be7 8. d4 O-O 9. dxc5 Bxc5 10. Bd3 Nd7 11. O-O Bd6 12. Nxd7 Bxd7 13. c4 Nf4 14. Bxh7+ Kxh7 15. Qxd6 Ne2+ 16. Kh1 Bc6 17. Ng5+ Kg8 18. Bf4 Nxf4 19. Qxf4 Qf6 20. Qxf6 gxf6 21. Nh3 a5 22. Rad1 Rfd8 23. f3 a4 24. Nf4 f5 25. Kg1 Kg7 26. Kf2 Kf6 27. Ke3 Rh8 28. h3 Rag8 29. Rd2 Rc8 30. b3 axb3 31. axb3 Ra8 32. Rfd1 Ra3 33. Rd3 Ra2 34. R1d2 Ra1 35. Ne2 Rg8 36. Kf2 e5 37. Nc3 e4 38. Rd6+ Ke5 39. fxe4 fxe4 40. Rh6 Ra3 41. Rb2 e3+ 42. Kxe3 Rg3+ 43. Kd2 Rxg2+ 44. Kc1 Ra1+ 45. Nb1 Rg1+ 46. Kd2 Raxb1 47. Rxb1 Rxb1 48. Kc3 f5 49. b4 Be4 50. b5 f4 51. Rh5+ Bf5 52. Rh8 f3 53. Re8+ Kf4 54. Kd4 f2 0-1

[Event "December 5 Early 2023"]
[Site "https://www.chess.com"]
[Date "2023.12.05"]
[Round "2"]
[White "Batbold, Nyamsuren"]
[Black "Belov, Alexei"]
[Result "0-1"]
[Board "152"]
[TimeControl "180+1"]
[WhiteFideId "4903331"]
[BlackFideId "4128206"]
[WhiteElo "2371"]
[BlackElo "2649"]
[WhiteTeam "MGL"]
[BlackTeam "RUS"]
[WhiteClock "0:00:09"]
[BlackClock "0:00:27"]

1. d4 d5 2. Nf3 e6 3. c4 Nf6 4. g3 Be7 5. Bg2 O-O 6. O-O dxc4 7. a4 Bd7 8. Qc2 Bc6 9. Qxc4 Bd5 10. Qc2 Nc6 11. Nc3 Bxf3 12. exf3 Nxd4 13. Qd1 c6 14. Be3 Nf5 15. Qc1 Nxe3 16. Qxe3 Qa5 17. f4 Bc5 18. Qe2 Rfd8 19. g4 Qb4 20. Qf3 Nd5 21. Ne4 Bb6 22. f5 exf5 23. gxf5 Bd4 24. Rad1 Nf6 25. Ng5 Bxb2 26. Rb1 Rd2 27. Rfd1 Rad8 28. Rxd2 Rxd2 29. Qg3 h6 30. Qb8+ Qf8 31. Qxf8+ Kxf8 32. Nf3 Rc2 33. Bf1 b6 34. Rd1 Rc1 35. Rd6 Ke7 36. Rd3 Nd5 37. Nd2 Be5 38. Kg2 Ra1 39. Rb3 c5 40. Nc4 Bc7 41. a5 Nf4+ 42. Kf3 Rxf1 43. axb6 axb6 44. Nxb6 Bxb6 45. Rxb6 Nd3 46. Rb7+ Kf6 0-1

[Event "December 5 Early 2023"]
[Site "https://www.chess.com"]
[Date "2023.12.05"]
[Round "2"]
[White "Banzea, Alexandru-Bogdan"]
[Black "Kleibel, Uwe"]
[Result "1-0"]
[Board "153"]
[TimeControl "180+1"]
[WhiteFideId "1232622"]
[BlackFideId "1270982"]
[WhiteElo "2647"]
[BlackElo "2371"]
[WhiteTeam "ROU"]
[BlackTeam "GER"]
[WhiteClock "0:01:31"]
[BlackClock "0:00:15"]

1. d4 d5 2. Nc3 Nf6 3. Bf4 e6 4. Nb5 Bb4+ 5. c3 Ba5 6. e3 O-O 7. Nf3 a6 8. Na3 Nbd7 9. Nb1 Bb6 10. Nbd2 c5 11. Bd3 Re8 12. Ne5 Nxe5 13. dxe5 Nd7 14. Qh5 Nf8 15. Nf3 f6 16. h4 Bd7 17. Rh3 Bb5 18. Bc2 Rc8 19. Rg3 f5 20. Bg5 Qd7 21. Bf6 g6 22. Qh6 Bd8 23. h5 Bxf6 24. exf6 Qf7 25. hxg6 hxg6 26. Ne5 Qxf6 27. Nxg6 1-0

[Event "December 5 Early 2023"]
[Site "https://www.chess.com"]
[Date "2023.12.05"]
[Round "2"]
[White "Ovetchkin, Roman"]
[Black "Melikhov, Evgeny V."]
[Result "1-0"]
[Board "154"]
[TimeControl "180+1"]
[WhiteFideId "4119991"]
[BlackFideId "4122046"]
[WhiteElo "2646"]
[BlackElo "2366"]
[WhiteTeam "RUS"]
[BlackTeam "GRE"]
[WhiteClock "0:01:49"]
[BlackClock "0:01:11"]

1. d4 Nf6 2. c4 e6 3. g3 Bb4+ 4. Bd2 Be7 5. Bg2 d5 6. Nf3 O-O 7. O-O c6 8. Qb3 Qb6 9. Rc1 dxc4 10. Rxc4 Qxb3 11. axb3 Nbd7 12. Rc1 Rd8 13. Ba5 Re8 14. Nbd2 Bd8 15. Nc4 Bxa5 16. Rxa5 a6 17. Nfe5 Nxe5 18. dxe5 Rd8 19. exf6 1-0

[Event "December 5 Early 2023"]
[Site "https://www.chess.com"]
[Date "2023.12.05"]
[Round "2"]
[White "Kolmagorov, Alexey"]
[Black "Cieslak, Patryk"]
[Result "0-1"]
[Board "155"]
[TimeControl "180+1"]
[WhiteFideId "34129402"]
[BlackFideId "21078882"]
[WhiteElo "2360"]
[BlackElo "2645"]
[WhiteTeam "RUS"]
[BlackTeam "POL"]
[WhiteClock "0:00:06"]
[BlackClock "0:00:09"]

1. d4 g6 2. g3 Bg7 3. Bg2 c5 4. Nf3 Nc6 5. d5 Ne5 6. O-O Nxf3+ 7. Bxf3 d6 8. c4 Nf6 9. Nc3 O-O 10. e4 Bh3 11. Re1 Nd7 12. Bg2 Bxg2 13. Kxg2 Bxc3 14. bxc3 Qa5 15. Qb3 Nb6 16. e5 Qa6 17. exd6 exd6 18. Re7 Rfe8 19. Bg5 Rxe7 20. Bxe7 Nxc4 21. h4 Nd2 22. Qd1 Re8 23. Qxd2 Rxe7 24. h5 Qe2 25. Qg5 Qe5 26. Qd2 Qe2 27. Qg5 Qe4+ 28. Kg1 Qe5 29. Qh4 g5 30. Qa4 b6 31. Qa6 Kg7 32. Qc8 h6 33. Qd8 Qf6 34. Qb8 Re2 35. Rf1 Rxa2 36. Qb7 c4 37. Qc6 Rc2 38. Qxc4 Rxc3 39. Qe4 Rc7 40. Qe8 Re7 41. Qa8 a5 42. Qc6 Re5 43. Qxb6 Rxd5 44. Qa7 Rf5 45. Qb7 g4 46. Qa7 Rxh5 47. Qa6 Rf5 48. Qc6 h5 49. Qh1 Qg6 50. Qc6 Qe6 51. Qc3+ Re5 52. Re1 Qf6 53. Rxe5 Qxe5 54. Qc8 a4 55. Qa6 Qa1+ 56. Kh2 a3 57. Qxd6 Qb2 58. Qd5 Qxf2+ 59. Kh1 Qf3+ 60. Qxf3 gxf3 61. Kg1 a2 62. Kf2 a1=Q 63. Kxf3 Qa2 64. Kf4 Qa3 65. Ke4 Qxg3 66. Kd5 Qg4 67. Kc5 h4 68. Kb5 h3 69. Ka6 h2 0-1

[Event "December 5 Early 2023"]
[Site "https://www.chess.com"]
[Date "2023.12.05"]
[Round "2"]
[White "Moksh Amit Doshi"]
[Black "Buscar, Michael"]
[Result "1-0"]
[Board "156"]
[TimeControl "180+1"]
[WhiteFideId "25064967"]
[BlackFideId "2603616"]
[WhiteElo "2634"]
[BlackElo "2350"]
[WhiteTeam "IND"]
[BlackTeam "CAN"]
[WhiteClock "0:01:17"]
[BlackClock "0:00:47"]

1. d4 d5 2. c4 e6 3. Nf3 c5 4. cxd5 exd5 5. g3 Nc6 6. Bg2 Nf6 7. O-O Be7 8. dxc5 Bxc5 9. a3 O-O 10. b4 Be7 11. Bb2 Ne4 12. Nfd2 Bf6 13. Bxf6 Qxf6 14. Nb3 Be6 15. e3 Rfd8 16. N1d2 Rac8 17. Rc1 Nc3 18. Qe1 Ne5 19. Rxc3 Rxc3 20. Nc5 b6 21. Qa1 Nd3 22. Nce4 dxe4 23. Nxe4 Qxf2+ 24. Nxf2 1-0

[Event "December 5 Early 2023"]
[Site "https://www.chess.com"]
[Date "2023.12.05"]
[Round "2"]
[White "Agibileg, Uurtsaikh"]
[Black "Sari, Yasin"]
[Result "0-1"]
[Board "157"]
[TimeControl "180+1"]
[WhiteFideId "4901606"]
[BlackFideId "6320902"]
[WhiteElo "2631"]
[BlackElo "2341"]
[WhiteTeam "MGL"]
[BlackTeam "TUR"]
[WhiteClock "0:00:01"]
[BlackClock "0:00:03"]

1. d4 d5 2. c4 c6 3. Nf3 Nf6 4. Nc3 dxc4 5. g3 g6 6. Bg2 Bg7 7. O-O O-O 8. Ne5 Be6 9. a4 Nbd7 10. Nf3 Bd5 11. a5 Ne4 12. Qc2 Ndf6 13. Bf4 b5 14. Be5 Nxc3 15. bxc3 Be4 16. Qc1 Nd5 17. Bxg7 Kxg7 18. a6 Qd6 19. Ne5 Bxg2 20. Kxg2 c5 21. e4 Nf6 22. Qe3 cxd4 23. cxd4 Rfc8 24. Nf3 Ng4 25. Qg5 h5 26. h3 Nh6 27. d5 c3 28. Nd4 b4 29. Ne6+ fxe6 30. e5 Qxd5+ 31. Kh2 Nf7 32. Qxe7 Kg8 33. Qf6 Qxe5 34. Qxg6+ Kf8 35. Rae1 Qf5 36. Qxf5 exf5 37. Re6 c2 38. Rc1 b3 39. Re2 b2 40. Rcxc2 Rxc2 0-1

[Event "December 5 Early 2023"]
[Site "https://www.chess.com"]
[Date "2023.12.05"]
[Round "2"]
[White "Eggleston, Thomas A"]
[Black "Olenik Campa, Rudi"]
[Result "0-1"]
[Board "158"]
[TimeControl "180+1"]
[WhiteFideId "412139"]
[BlackFideId "14633264"]
[WhiteElo "2340"]
[BlackElo "2600"]
[WhiteTeam "ENG"]
[BlackTeam "SLO"]
[WhiteClock "0:02:10"]
[BlackClock "0:02:28"]

1. e4 c5 2. Nf3 Nc6 3. Bb5 g6 4. Bxc6 dxc6 5. Qe2 Bg7 6. O-O Qc7 7. d3 h6 8. h3 g5 9. Nh2 Be5 10. g3 Bxh3 11. Re1 h5 12. Na3 b5 13. c4 h4 14. cxb5 hxg3 15. fxg3 Bd4+ 16. Be3 Qxg3+ 17. Kh1 Bxe3 18. Qxe3 Qg2# 0-1